 Dungeon Crawl Stone Soup version 0.25-a0-505-gae4569222e (console) character file.

Game seed: 14867540315112728117, levelgen mode: deterministic

67 surprisetrex the Firebug (level 4, -4/33 HPs)
             Began as a Hill Orc Fire Elementalist on Feb 15, 2020.
             Slain by Terence
             ... wielding a +4 flail of protection
              (10 damage)
             ... on level 2 of the Dungeon.
             The game lasted 00:10:07 (2166 turns).

surprisetrex the Firebug (HOFE)                     Turns: 2166, Time: 00:10:07

Health: -4/33      AC:  2    Str: 10    XL:     4   Next: 18%
Magic:  1/6        EV: 12    Int: 16    God:
Gold:   37         SH:  0    Dex: 11    Spells: 2/6 levels left

rFire    . . .     SeeInvis .   a - +0 dagger
rCold    . . .     Gourm    .   (no shield)
rNeg     . . .     Faith    .   l - +0 robe
rPois    .         Spirit   .   (no helmet)
rElec    .         Reflect  .   (no cloak)
rCorr    .         Harm     .   (no gloves)
MR       .....                  (no boots)
Stlth    ++........             (no amulet)
HPRegen  0.11/turn              (no ring)
MPRegen  0.10/turn              (no ring)

@: very slightly contaminated
A: no striking features
a: no special abilities


You were on level 2 of the Dungeon.
You were not hungry.

You visited 1 branch of the dungeon, and saw 2 of its levels.

You collected 37 gold pieces.

Inventory:

Hand Weapons
 a - a +0 dagger (weapon)
Missiles
 d - 55 stones (quivered)
 h - a throwing net
Armour
 l - a +0 robe (worn)
Scrolls
 b - a scroll of fog {unknown}
 e - 2 scrolls of teleportation {unknown}
 f - 2 scrolls of remove curse {unknown}
 i - a scroll of identify {unknown}
 j - 2 scrolls of random uselessness {unknown}
Potions
 g - 3 potions of resistance {unknown}
 k - a potion of mutation {unknown}
Comestibles
 c - 3 rations


   Skills:
 - Level 1.5 Dodging
 - Level 1.5 Stealth
 - Level 1.5 Spellcasting
 + Level 1.9 Conjurations
 - Level 5.0 Fire Magic


You had 2 spell levels left.
You knew the following spells:

 Your Spells              Type           Power        Failure   Level  Hunger
a - Foxfire               Conj/Fire      ##..         5%          1    ##.....
b - Conjure Flame         Conj/Fire      ##......     16%         3    ####...

Your spell library contained the following spells:

 Spells                   Type           Power        Failure   Level  Hunger
 Inner Flame              Hex/Fire       #.......     24%         3    ####...
 Sticky Flame             Conj/Fire      ##......     45%         4    #####..
 Fireball                 Conj/Fire      ##........   82%         5    ######.


Dungeon Overview and Level Annotations

Branches:
Dungeon (2/15)

Altars:
Fedhas

Annotations:
D:2 Terence


Message History

Terence hits you with a +4 flail of protection.
You hit Terence but do no damage.
Terence is heavily wounded.
The foxfire hits Terence.
Terence is severely wounded.
The foxfire hits Terence.
Terence is almost dead.
Terence hits you with a +4 flail of protection!
* * * LOW HITPOINT WARNING * * *
You hit Terence but do no damage.
Terence is almost dead.
Terence hits you with a +4 flail of protection.
* * * LOW HITPOINT WARNING * * *
You closely miss Terence.
Terence is almost dead.
Terence closely misses you.
You hit Terence but do no damage.
Terence is almost dead.
Terence hits you with a +4 flail of protection!
You die...

.(((((.......
############# #....#
##### #.##.# #...#
#.##.# #...#
#.##.###
###...#######>......
#................#..
#.#@@.#######.####..
#.#...# ###.#####.
#.#...# #.........
#.#...# #.#.######
#.#...#####.#.......
#.#"..#.....#.######
#.#####.....#.######
#.# #.....#.......
#.# #.....#.######


You could see Terence.

Vanquished Creatures
  2 adders (D:2)
  A dart slug (D:1)
  A leopard gecko (D:1)
  6 bats
  10 goblins
  4 hobgoblins
  4 jackals (D:1)
  5 frilled lizards
  7 kobolds
  4 rats
44 creatures vanquished.

Vanquished Creatures (others)
  74 foxfires
74 creatures vanquished.

Grand Total: 118 creatures vanquished

Notes
Turn   | Place    | Note
-------+----------+-------------------------------------------
     0 | D:1      | surprisetrex the Hill Orc Fire Elementalist began the quest
                  | for the Orb.
     0 | D:1      | Reached XP level 1. HP: 14/14 MP: 3/3
   426 | D:1      | Reached XP level 2. HP: 17/20 MP: 2/4
   450 | D:1      | Reached skill level 4 in Fire Magic
   984 | D:1      | Reached XP level 3. HP: 26/26 MP: 5/5
   992 | D:1      | Learned a level 3 spell: Conjure Flame
  1431 | D:2      | Found a faded altar of an unknown god.
  1540 | D:2      | Reached skill level 5 in Fire Magic
  1709 | D:2      | Reached XP level 4. HP: 33/33 MP: 6/6
  1792 | D:2      | Found a blossoming altar of Fedhas.
  2154 | D:2      | Noticed Terence
  2166 | D:2      | Slain by Terence

Levels and vault maps discovered:
D:1:      lightli_molten_gateway, layout_rooms, serial_glass, glass_columns_a,
          glass_columns_a, serial_bayou_lagoon_b
D:2:      layout_basic, fedhas_altar_1, nicolae_overflow_hidden_temple,
          chequers_ecumenical_altar_simple_redux, kennysheep_crisscross,
          uniq_terence

Skill      XL: |  1  2  3 |
---------------+----------+-----
Fire Magic     | 4 5 |  5.0
Dodging        | |  1.5
Stealth        | |  1.5
Spellcasting   | |  1.5
Conjurations   | |  1.9

Action                   |  1- 3 |  4- 6 || total
-------------------------+-------+-------++-------
Melee: Unarmed           |    46 |    25 ||    71
       Dagger            |       |    12 ||    12
Throw: Stone             |    62 |    36 ||    98
 Cast: Foxfire           |    38 |     7 ||    45
 Stab: Sleeping          |       |     1 ||     1
  Eat: Chunk             |     3 |     2 ||     5
Armor: Robe              |    16 |    13 ||    29
Dodge: Dodged            |    59 |    33 ||    92

Table legend:
 A = Non-vault XP
 B = Vault XP
 C = Vault XP percentage of total XP
 D = Non-vault monster count
 E = Vault monster count
 F = Vault count percentage of total count
                 A         B        C        D         E       F
            +---------+---------+-------+---------+---------+-------
      Total |      97 |       0 |   0.0 |      44 |       0 |   0.0
            +---------+---------+-------+---------+---------+-------
        D:1 |      49 |       0 |   0.0 |      29 |       0 |   0.0
        D:2 |      48 |       0 |   0.0 |      15 |       0 |   0.0
            +---------+---------+-------+---------+---------+-------
